 Dungeon Crawl Stone Soup version 0.32-a0-886-g41c5271027 (webtiles) character file.

Game seed: 7664419407708667955

392 gruber the Cutter (level 6, 0/32 HPs)
             Began as a Vine Stalker Fighter on Apr 2, 2024.
             Incinerated by a bombardier beetle (3 damage)
             ... with a burning spray
             ... on level 4 of the Dungeon.
             The game lasted 00:02:15 (2620 turns).

gruber the Cutter (Vine Stalker Fighter)            Turns: 2620, Time: 00:02:16

Health: 0/32       AC:  6    Str: 19    XL:     6   Next: 80%
Magic:  0/7        EV:  8    Int:  8    God:
Gold:   167        SH:  4    Dex: 15    Spells: 5/5 levels left

rFire   . . .        a - +0 rapier
rCold   . . .        c - +0 buckler
rNeg    . . .        b - +0 scale mail
rPois   .            (no helmet)
rElec   .            (no cloak)
rCorr   .            (no gloves)
SInv    .            (no boots)
Will    .....        (no amulet) Stlth
                     (no ring)
HPRegen 1.05/turn    (no ring)
MPRegen 0.10/turn

%: guardian spirit
@: on fire, glowing
A: fangs 2, regeneration 1, magic shield, antimagic bite, no potion heal 2
a: no special abilities


You were on level 4 of the Dungeon.
You visited 1 branch of the dungeon, and saw 4 of its levels.

You collected 167 gold pieces.

Inventory:

Hand Weapons
 a - a +0 rapier (weapon)
Armour
 b - a +0 scale mail (worn)
 c - a +0 buckler (worn)
Scrolls
 e - 3 scrolls of torment {unknown}
 f - 4 scrolls of identify {unknown}
 g - a scroll of enchant armour {unknown}
 n - a scroll of fear {unknown}
 p - a scroll of vulnerability {unknown}
 q - a scroll of enchant weapon {unknown}
 r - a scroll of blinking {unknown}
 s - a scroll of revelation {unknown}
Potions
 d - a potion of might
 h - a potion of brilliance {unknown}
 i - a potion of invisibility {unknown}
 j - a potion of lignification {unknown}
 k - a potion of haste {unknown}
 m - 2 potions of curing {unknown}
 o - a potion of degeneration {unknown}


   Skills:
 - Level 2.6 Fighting
 + Level 6.4 Short Blades
 - Level 2.4 Armour
 - Level 2.6 Shields


You had 5 spell levels left.
You didn't know any spells.
Your spell library contained the following spells:

 Spells                   Type           Power      Damage    Failure   Level
 Passwall                 Erth           0%         N/A       99%         3
 Volatile Blastmotes      Fire/Tloc      0%         2d10      99%         3
 Vhi's Electric Charge    Tloc/Air       0%         N/A       100%        4
 Bombard                  Conj/Erth      0%         9d1       100%        6


Dungeon Overview and Level Annotations

Branches:
Dungeon (4/15)
 Temple: D:4-7

Altars:
Nemelex Xobeh
Okawaru

Shops:
D:2 :(*   D:3 [

Annotations:
D:2 2 transporters


Innate Abilities, Weirdness & Mutations

You have extremely sharp teeth.
Your natural rate of healing is unusually fast.
When hurt, damage is shared between your health and your magic reserves.
Your bite disrupts and absorbs the magic of your enemies.
Potions cannot restore your health.


Message History

The liquid fire burns you!
The bombardier beetle bites you but does no damage.
You barely miss the bombardier beetle. Your bite misses the bombardier beetle.
The bombardier beetle is almost dead.
The liquid fire burns you!
* * * LOW HITPOINT WARNING * * *
You hit the bombardier beetle but do no damage.
The bombardier beetle is almost dead.
The liquid fire burns you!
* * * LOW HITPOINT WARNING * * *
The bombardier beetle sprays incendiary fluid at you.
The burning spray hits you.
You are even more covered in liquid fire!
You barely miss the bombardier beetle.
You bite the bombardier beetle, but do no damage.
The bombardier beetle is almost dead.
The liquid fire burns you!
* * * LOW HITPOINT WARNING * * *
The bombardier beetle barely misses you.
You barely miss the bombardier beetle. Your bite misses the bombardier beetle.
The bombardier beetle is almost dead.
The liquid fire burns you!
* * * LOW HITPOINT WARNING * * *
You hit the bombardier beetle. You bite the bombardier beetle.
You drain its power.
You feel invigorated.
The bombardier beetle is almost dead.
The liquid fire burns you!
* * * LOW HITPOINT WARNING * * *
The bombardier beetle bites you but does no damage.
You shake off some of the fire as you move.
The liquid fire burns you!
* * * LOW HITPOINT WARNING * * *
You shake off the liquid fire.
The bombardier beetle sprays incendiary fluid at you.
The burning spray hits you.
You are covered in liquid fire!
Okay, then.
You shake off some of the fire as you move.
The liquid fire burns you!
You die...

# #.....# ##..
#.....# ###..###
#.....# ......#
#.....# ..... #.....#
... #####.....# #B#
##......#### #.###
.....#### ####...#
....##########..@...#
.<.............##$..#
...##################
...# ##)###########
#............#
#..~.........#
#..~.~~~~~~..#
#..~.~....~..#


You could see a bombardier beetle.

Vanquished Creatures
  An ogre (D:4)
  A scorpion (D:4)
  A hound (D:4)
  An iguana (D:4)
  Natasha (thrice) (D:3)
  4 adders
  3 gnolls (D:2)
  A ribbon worm (D:4)
  2 dart slugs
  A ball python (D:2)
  6 endoplasms
  2 giant cockroaches
  3 goblins
  8 hobgoblins
  A quokka (D:1)
  6 bats
  2 frilled lizards (D:2)
  6 kobolds
  4 rats
56 creatures vanquished.

Notes
Turn   | Place    | Note
-------+----------+-------------------------------------------
     0 | D:1      | gruber the Vine Stalker Fighter began the quest for the
                  | Orb.
     0 | D:1      | Reached XP level 1. HP: 11/11 MP: 2/2
    14 | D:1      | Reached skill level 2 in Short Blades
    65 | D:1      | Reached XP level 2. HP: 16/16 MP: 3/3
   417 | D:2      | Found a transporter.
   419 | D:2      | Found Funyol's Book Emporium.
   481 | D:2      | Reached skill level 3 in Short Blades
   481 | D:2      | Reached XP level 3. HP: 15/19 MP: 1/4
   566 | D:2      | Reached XP level 4. HP: 23/23 MP: 5/5
   651 | D:2      | Reached skill level 4 in Short Blades
   656 | D:2      | Found Kysolu's General Store.
   991 | D:2      | Found Ugeq's Antique Weapon Boutique.
  1067 | D:2      | Found a faded altar of an unknown god.
  1158 | D:2      | Found a transporter.
  1397 | D:3      | Noticed Natasha
  1401 | D:3      | Killed Natasha
  1402 | D:3      | Reached XP level 5. HP: 27/27 MP: 6/6
  1556 | D:3      | Found a sparkling altar of Nemelex Xobeh.
  1702 | D:3      | Found Fezaett's Antique Armour Boutique.
  1901 | D:3      | Noticed Natasha
  1908 | D:3      | Killed Natasha
  2093 | D:3      | Noticed Natasha
  2101 | D:3      | Killed Natasha
  2102 | D:3      | Reached skill level 5 in Short Blades
  2201 | D:4      | Noticed an ogre
  2213 | D:4      | Killed an ogre
  2214 | D:4      | Reached XP level 6. HP: 13/32 MP: 1/7
  2220 | D:4      | Reached skill level 6 in Short Blades
  2309 | D:4      | Found an iron altar of Okawaru.
  2618 | D:4      | HP: 1/32 [burnt (3)]
  2620 | D:4      | Incinerated by a bombardier beetle

Illustrated notes

Levels and vault maps discovered:
D:1:      giann_bridges, layout_rooms, fountainhead
D:2:      layout_loops_ring, chequers_ecumenical_altar_grove, serial_shops,
          nicolae_shop_drivethru, shop, shop, st_stairs_10, nrook_mini_backslash
D:3:      layout_loops_ring, nemelex_xobeh_ov_fountains_minmay, serial_shops,
          nicolae_shop_pleasant_corner_grove, uniq_natasha
D:4:      layout_rooms, okawaru_gym_becter, hangedman_abyss_or_decor_stabs,
          kennysheep_small_spiral

Skill      XL: |  1  2  3  4  5  6 |
---------------+-------------------+-----
Short Blades   | 2 3 4 5 6 |  6.4
Fighting       | |  2.6
Armour         | |  2.4
Shields        | |  2.6

Action                     |  1- 3 |  4- 6 || total
---------------------------+-------+-------++-------
  Melee: Rapier            |    91 |   144 ||   235
         Bite              |    17 |    40 ||    57
 Armour: Scale mail        |    66 |    74 ||   140
  Dodge: Dodged            |    24 |    38 ||    62
  Block: Buckler           |    22 |    22 ||    44

Table legend: (Time is in decaauts)
 A = Elapsed time spent in this place.
 B = Non-inter-level travel time spent in this place.
 C = Inter-level travel time spent in this place.
 D = Time resting spent in this place.
 E = Time spent auto-exploring this place.
 F = Levels seen in this place.
 G = Mean time per level.
                   A        B        C        D        E       F      G
               +--------+--------+--------+--------+--------+-----+--------+
         Total |   2627 |   2253 |    374 |      0 |   1804 |   4 |  656.8 |
       Dungeon |   2627 |   2253 |    374 |      0 |   1804 |   4 |  656.8 |
               +--------+--------+--------+--------+--------+-----+--------+

Top non-repeatable levels by time:
     D:3: 928 daAuts
     D:2: 816 daAuts
     D:4: 478 daAuts
     D:1: 404 daAuts
